 Dungeon Crawl Stone Soup version 0.30.1-4-g462c640d31 (webtiles) character file.

Game seed: 12411407226625262796

597 Elion the Grave Robber (level 7, -2/33 HPs)
             Began as a Vampire Necromancer on Aug 26, 2023.
             Was a Believer of Hepliaklqana.
             Killed by divine providence
             ... invoked by an orc priest
              (13 damage)
             ... on level 5 of the Dungeon on Aug 27, 2023.
             The game lasted 01:13:09 (4333 turns).

Elion the Grave Robber (Vampire Necromancer)        Turns: 4333, Time: 01:13:10

Health: -2/33      AC:  9    Str:  7    XL:     7   Next: 17%
Magic:  10/13      EV: 10    Int: 19    God:    Hepliaklqana [**....]
Gold:   233        SH:  0    Dex: 15    Spells: 13/14 levels left

rFire   . . .        y - +2 war axe (distort)
rCold   + + .        (no shield)
rNeg    + + +        q - +3 ring mail
rPois   ∞            h - +0 helmet
rElec   .            (no cloak)
rCorr   +            (no gloves)
SInv    +            (no boots)
Will    .....        s - amulet of the acrobat
Stlth   ++           e - ring of resist corrosion
HPRegen 0.00/turn    (no ring)
MPRegen 0.13/turn

%: acrobat
@: confused, bloodless, inhibited regen
A: reduced essence, bloodless, fangs 3, see invisible, vampiric 2
a: Bat Form, Revivify, Renounce Religion, Ancestor Life: Knight, Ancestor Life:
Battlemage, Ancestor Life: Hexer, Recall Ancestor, Ancestor Identity


You were on level 5 of the Dungeon.
You worshipped Hepliaklqana.
Hepliaklqana was pleased with you.
You visited 1 branch of the dungeon, and saw 5 of its levels.

You collected 233 gold pieces.

Inventory:

Hand Weapons
 d - a +0 heavy hand axe
 f - a +0 sling
 k - a +0 flail of protection
 y - a +2 war axe of distortion (weapon)
Missiles
 p - 72 stones
 u - 6 poisoned darts
 z - a silver boomerang
 A - 2 throwing nets
Armour
 a - a +0 robe
 g - a +1 ring mail
 h - a +0 helmet (worn)
 i - a +0 robe
 q - a +3 ring mail (worn)
 v - the +0 ring mail of the Bulwark {Rampage rElec}
   (You found it on level 4 of the Dungeon)

   rElec:     It insulates you from electricity.
   Rampage:   It bestows one free step when moving towards enemies.
 B - a +0 animal skin
 C - a +0 animal skin
 D - a +0 animal skin
Jewellery
 e - a ring of resist corrosion (left hand)
 s - an amulet of the acrobat (around neck)
Wands
 x - a wand of mindburst (14)
Scrolls
 b - a scroll of immolation
 j - a scroll of magic mapping
 l - a scroll of silence
 m - a scroll of noise
 n - a scroll of enchant armour
 t - 2 scrolls of identify
Potions
 c - a potion of lignification


   Skills:
 + Level 1.0 Fighting
 + Level 1.8 Axes
 + Level 2.0 Armour
 + Level 2.9 Dodging
 + Level 3.4 Stealth
 + Level 4.1 Spellcasting
 + Level 6.8 Necromancy


You had 13 spell levels left.
You knew the following spells:

 Your Spells              Type           Power      Damage    Failure   Level
a - Necrotise             Necr           100%       1d9       2%          1

Your spell library contained the following spells:

 Spells                   Type           Power      Damage    Failure   Level
 Vampiric Draining        Necr           29%        2d8       9%          3
 Animate Dead             Necr           29%        N/A       26%         4
 Agony                    Necr           29%        N/A       58%         5


Dungeon Overview and Level Annotations

Branches:
Dungeon (5/15)             Temple (0/1) D:5

Altars:
Cheibriados
Dithmenos
Hepliaklqana
Okawaru
Trog


Innate Abilities, Weirdness & Mutations

Your life essence is reduced to manifest your ancestor. (-10% HP)
You do not regenerate when monsters are visible.
You are frail without blood (-20% HP).
You can heal yourself when you bite living creatures.
You are immune to poison.
You have razor-sharp teeth.
You have supernaturally acute eyesight. (SInv)
You are afflicted with vampirism and can become a bat while bloodless.


Message History

Aim: an orc wizard, wielding a +0 dagger of venom and wearing a +0 robe (ally target, chance to affect: 83%)
The orc wizard barely resists.
The orc wizard hits your orc skeleton with a +0 dagger of venom.
Your orc skeleton closely misses the orc wizard.
Aiming: Necrotise (safe; 2% risk of failure)
Press: ? - help, Q - select action, (/) - cycle Shift-Dir - straight line, f/p - orc wizard
Aim: an orc wizard, wielding a +0 dagger of venom and wearing a +0 robe (ally target, chance to affect: 83%)
The orc wizard writhes in agony.
The orc wizard hits your orc skeleton with a +0 dagger of venom.
Your orc skeleton is destroyed!
Aiming: Necrotise (safe; 2% risk of failure)
Press: ? - help, Q - select action, (/) - cycle Shift-Dir - straight line, f/p - orc wizard
Aim: an orc wizard, wielding a +0 dagger of venom and wearing a +0 robe (lightly wounded, ally target, chance to affect: 83%)
The orc wizard writhes in agony.
The orc wizard points at you and mumbles some strange words.
You are confused.
Kateb hits the orc wizard.
You're too confused to cast spells.
You're too confused to cast spells.
You hit Kateb but do no damage.
Space warps around Kateb.
Kateb is lightly damaged.
You barely miss the orc wizard. The orc wizard barely misses you.
Kateb hits the orc wizard.
The orc wizard barely misses you.
The orc priest hits Kateb with a +0 whip.
You closely miss the orc wizard.
The orc wizard is almost dead.
Kateb hits the orc wizard.
The orc wizard dies!
The orc priest invokes the aid of Beogh against you.
Beogh smites you!
You bump into the stone wall.
Kateb hits the orc priest.
The orc priest invokes the aid of Beogh against you.
Beogh smites you!
Unknown command.
You closely miss Kateb.
Kateb is lightly damaged.
Kateb hits the orc priest but does no damage.
The orc priest calls down the wrath of Beogh upon you.
Beogh smites you!
You die...

#.# #..$# ###.#### #...#
#......# #...#
##.#)##.#####...########.
.....##.#......).........
.....................####
....###.#....###.).###
.#......###### #.⌠.#
.#...#### #@..# #..
#...)R.....# ....
#...⌠o.>..⌠.# .#
#.#.........#
#..###...#### ..# #.⌠.#
#.. #...# .. ..... #
####.###


You could see the friendly Kateb the ancestor and an orc priest (ally target).

Vanquished Creatures
  A centaur (D:5)
  A scorpion (D:4)
  2 hounds (D:4)
  7 orc wizards
  5 adders
  2 gnolls (D:5)
  A worm (D:2)
  3 dart slugs
  10 orcs
  3 endoplasms
  3 giant cockroaches
  5 goblins
  7 hobgoblins
  2 jackals (D:3)
  5 quokkas
  7 ball pythons
  4 bats
  5 kobolds
  4 rats
77 creatures vanquished.

Vanquished Creatures (collateral kills)
  An orc priest (D:5)
  An orc wizard (D:5)
  A gnoll (D:5)
  2 orcs (D:4)
  An endoplasm (D:4)
  A goblin (D:3)
  A hobgoblin (D:4)
  A kobold (D:4)
  A ball python (D:4)
  A bat (D:3)
  A rat (D:3)
12 creatures vanquished.

Vanquished Creatures (others)
  4 ancestors
4 creatures vanquished.

Grand Total: 93 creatures vanquished

Notes
Turn   | Place    | Note
-------+----------+-------------------------------------------
     0 | D:1      | Elion the Vampire Necromancer began the quest for the Orb.
     0 | D:1      | Reached XP level 1. HP: 13/13 MP: 3/3
   472 | D:1      | Reached XP level 2. HP: 19/19 MP: 3/5
  1080 | D:2      | Reached skill level 5 in Necromancy
  1122 | D:2      | Found a faded altar of an unknown god.
  1126 | D:2      | Gained mutation: You are afflicted with vampirism and can
                  | become a bat while bloodless. [Vampire growth]
  1126 | D:2      | Reached XP level 3. HP: 24/24 MP: 3/6
  1623 | D:2      | Prayed at the altar of an unknown god.
  1623 | D:2      | Became a worshipper of Hepliaklqana the Forgotten
  1623 | D:2      | Reached * piety under Hepliaklqana
  1628 | D:2      | You fall into a shaft and drop 1 floor!
  1803 | D:3      | Reached XP level 4. HP: 27/27 MP: 1/7
  1845 | D:3      | Found a snail-covered altar of Cheibriados.
  2408 | D:3      | Found a shadowy altar of Dithmenos.
  2592 | D:4      | Reached skill level 1 in Fighting
  2592 | D:4      | Reached XP level 5. HP: 21/25 MP: 1/9
  2763 | D:4      | Found an iron altar of Okawaru.
  2835 | D:4      | Reached ** piety under Hepliaklqana
  2849 | D:4      | Identified the +0 ring mail of the Bulwark {Rampage rElec}
  2955 | D:4      | Reached skill level 1 in Armour
  3281 | D:4      | Reached XP level 6. HP: 28/30 MP: 7/11
  3319 | D:4      | Reached skill level 6 in Necromancy
  3930 | D:4      | Found a bloodstained altar of Trog.
  4062 | D:5      | Entered Level 5 of the Dungeon
  4110 | D:5      | Reached skill level 1 in Axes
  4282 | D:5      | Reached XP level 7. HP: 27/33 MP: 8/13
  4305 | D:5      | Found a staircase to the Ecumenical Temple.
  4333 | D:5      | Killed from afar by an orc priest

Illustrated notes

Levels and vault maps discovered:
D:1:      minmay_arrival_shoal_huts, layout_loops_cross
D:2:      layout_basic, basic_ecumenical_altar, chequers_jeans
D:3:      layout_rooms, kennysheep_slug_shrine, general_overflow_altar
D:4:      layout_loops_ring, okawaru_ov_weapons_minmay, trog_hazing_becter,
          grunt_ministairs_9, corner_web_ring
D:5:      layout_loops_cross, mainiacjoe_overflow_six_doors_small,
          mainiacjoe_overflow_concentric_impassable,
          minmay_temple_entry_junction, uniq_prince_ribbit1, uniq_ijyb

Skill      XL: |  1  2  3  4  5  6 |
---------------+-------------------+-----
Necromancy     | 5 6 |  6.8
Fighting       | 1 |  1.0
Spellcasting   | 3 4 |  4.1
Armour         | 1 2 |  2.0
Axes           | 1 |  1.8
Dodging        | |  2.9
Stealth        | |  3.4

Action                     |  1- 3 |  4- 6 |  7- 9 || total
---------------------------+-------+-------+-------++-------
  Melee: Hand axe          |    43 |    17 |       ||    60
         Bite              |     1 |     2 |       ||     3
         War axe           |       |    16 |     3 ||    19
         Punch             |       |     1 |       ||     1
   Cast: Necrotise         |    55 |    80 |     5 ||   140
 Invoke: Recall Ancestor   |       |     2 |       ||     2
Ability: Exsanguinate      |       |     1 |       ||     1
    Use: Scroll            |     7 |     4 |       ||    11
         Potion            |       |     8 |       ||     8
   Stab: Sleeping          |       |     1 |       ||     1
 Armour: Ring mail         |    30 |    45 |     1 ||    76
         Robe              |     1 |       |       ||     1
  Dodge: Dodged            |    50 |    62 |     3 ||   115
